 Dungeon Crawl Stone Soup version 0.31.0-32-g396128a36d (webtiles) character file.

Game seed: 17747533758492632289

163997 cdecastro the Severer (level 17, -7/129 HPs)
             Began as a Human Ice Elementalist on Mar 14, 2024.
             Was the Champion of Okawaru.
             Mangled by a frost giant
             ... wielding a +2 battleaxe of freezing
              (24 damage)
             ... on level 4 of the Shoals on Mar 15, 2024.
             The game lasted 02:21:36 (39475 turns).

cdecastro the Severer (Human Ice Elementalist)     Turns: 39475, Time: 02:21:37

Health: -7/129     AC: 31    Str: 13    XL:     17   Next: 84%
Magic:  27/27      EV: 17    Int: 18    God:    Okawaru [******]
Gold:   1396       SH:  0    Dex: 18    Spells: 5/20 levels left

rFire   . . .        a - +5 battleaxe of the Wizarding Gods {venom, rC++}
rCold   + + +        (shield currently unavailable)
rNeg    . . .        R - +7 Kryia's mail coat {PotionHeal*2 rC+}
rPois   .            h - +1 hat {Will+}
rElec   .            x - +0 cloak
rCorr   .            o - +2 pair of gloves {Dex+3}
SInv    .            Y - +2 pair of boots "Amobex" {Regen+}
Will    ++++.        K - amulet of magic regeneration
Stlth   +            w - ring of willpower
HPRegen 1.21/turn    q - ring of willpower
MPRegen 0.60/turn

%: no passive effects
@: ice-armoured, heroic, very slow
A: explore regen
a: Renounce Religion, Heroism, Finesse, Duel


You were on level 4 of the Shoals.
You worshipped Okawaru.
Okawaru was exalted by your worship.
You visited 6 branches of the dungeon, and saw 28 of its levels.
You also visited: Sewer, Bailey, Gauntlet and Ice Cave.

You collected 2974 gold pieces.
You spent 1578 gold pieces at shops.

Inventory:

Hand Weapons
 a - the +5 battleaxe of the Wizarding Gods (weapon) {venom, rC++}
   (You took it off an orc warrior in a bailey)

   rC++:      It greatly protects you from cold.
 b - a +2 hand cannon of freezing
 c - a +0 falchion of flaming
Missiles
 n - 5 curare-tipped darts
 G - 5 poisoned darts
 Q - 11 javelins
 V - 9 silver javelins
 W - 4 datura-tipped darts
 X - 16 atropa-tipped darts
 Z - 9 darts of dispersal
Armour
 h - a +1 hat of willpower (worn)
 k - the +3 tower shield of the Storm King {Rampage rN+ Will+ Stlth+}
   (You took it off a merfolk on level 1 of the Shoals)

   rN+:       It protects you from negative energy.
   Will+:     It increases your willpower.
   Rampage:   It bestows one free step when moving towards enemies.
   Stlth+:    It makes you more stealthy.
 o - a +2 pair of gloves of dexterity (worn)
 x - a +0 cloak (worn)
 R - the +7 Kryia's mail coat (worn) {PotionHeal*2 rC+}
   (You found it on level 12 of the Dungeon)

   PotionHeal*2: Potions heal its wearer twice as much.
   rC+:       It protects you from cold.
 Y - the +2 pair of boots "Amobex" (worn) {Regen+}
   (Okawaru gifted it to you on level 11 of the Dungeon)

   Regen+:    It increases your rate of health regeneration.
Jewellery
 g - a +4 ring of protection
 q - a ring of willpower (right hand)
 t - a ring of protection from cold
 w - a ring of willpower (left hand)
 H - a ring of protection from fire
 K - an amulet of magic regeneration (around neck)
 O - a ring of resist corrosion
Talismans
 C - a talisman of death
Wands
 e - a wand of roots (11)
 r - a wand of flame (17)
 B - a wand of polymorph (35)
 M - a wand of light (10)
 S - a wand of digging (4)
 T - a wand of mindburst (7)
Scrolls
 l - 6 scrolls of teleportation
 p - 6 scrolls of poison
 u - 2 scrolls of blinking
 v - 2 scrolls of amnesia
 y - 5 scrolls of revelation
 I - 3 scrolls of fog
 N - a scroll of immolation
Potions
 d - 7 potions of lignification
 f - 3 potions of ambrosia
 i - 9 potions of attraction
 j - 3 potions of curing
 m - 7 potions of might
 s - a potion of enlightenment
 z - 6 potions of magic
 A - 4 potions of haste
 D - 3 potions of brilliance
 E - a potion of cancellation
 F - a potion of berserk rage
 L - a potion of invisibility {unknown}
 U - 3 potions of resistance
Miscellaneous
 J - a phial of floods
 P - a lightning rod (4/4)


   Skills:
 - Level 10.4(15.4) Fighting
 - Level 16.0(21.0) Axes
 * Level 11.1(16.1) Throwing
 - Level 10.6(15.6) Armour
 - Level 10.2(15.2) Dodging
 - Level 2.0(7.0) Stealth
 - Level 2.0 Spellcasting
 + Level 14.9 Ice Magic
 - Level 13.4 Invocations


You had 5 spell levels left.
You knew the following spells:

 Your Spells              Type           Power      Damage    Failure   Level
a - Freeze                Ice            100%       1d10      1%          1
b - Frozen Ramparts       Ice            100%       1d16      1%          3
c - Ozocubu's Armour      Ice            54%        N/A       1%          3
d - Freezing Cloud        Conj/Ice/Air   9%         6-21      88%         5
e - Hailstorm             Conj/Ice       28%        3d8       7%          3

Your spell library contained the following spells:

 Spells                   Type           Power      Damage    Failure   Level
 Magic Dart               Conj           4%         1d3       45%         1
 Shock                    Conj/Air       4%         1d3       45%         1
 Slow                     Hex            4%         N/A       45%         1
 Cigotuvi's Dreadful Rot  Necr/Alch/Air  2%         N/A       58%         2
 Searing Ray              Conj           2%         2d4       58%         2
 Sublimation of Blood     Necr           1%         N/A       58%         2
 Confusing Touch          Hex            1%         N/A       83%         3
 Dazzling Flash           Conj/Hex       2%         N/A       83%         3
 Gell's Gravitas          Tloc           1%         N/A       83%         3
 Sigil of Binding         Hex            1%         N/A       83%         3
 Swiftness                Air            1%         N/A       83%         3
 Teleport Other           Tloc           1%         N/A       83%         3
 Vampiric Draining        Necr           1%         2d6       83%         3
 Volatile Blastmotes      Fire/Tloc      2%         2d10      83%         3
 Airstrike                Air            0%         2d(1-17)  99%         4
 Dimensional Bullseye     Hex/Tloc       0%         N/A       99%         4
 Fulminant Prism          Conj/Alch      0%         3d5       99%         4
 Ignite Poison            Fire/Alch      1%         N/A       99%         4
 Iskenderun's Mystic Bla  Conj/Tloc      1%         2d3       99%         4
 Olgreb's Toxic Radiance  Alch           1%         N/A       99%         4
 Vhi's Electric Charge    Tloc/Air       2%         N/A       99%         4
 Arcjolt                  Conj/Air       0%         1d10      100%        5
 Borgnjor's Vile Clutch   Necr/Erth      0%         N/A       100%        5
 Irradiate                Conj/Alch      0%         3d11      100%        5
 Iskenderun's Battlesphe  Conj           1%         2d6       100%        5
 Ozocubu's Refrigeration  Ice            27%        4d13      67%         7
 Bombard                  Conj/Erth      0%         9d1       100%        6
 Dispersal                Tloc           0%         N/A       100%        6
 Starburst                Conj/Fire      0%         6d3       100%        6
 Discord                  Hex            0%         N/A       100%        8
 Maxwell's Capacitive Co  Air            0%         ∞         100%        8
 Summon Ice Beast         Ice/Summ       Unusable   N/A       N/A         3
 Call Imp                 Summ           Unusable   N/A       N/A         2
 Call Canine Familiar     Summ           Unusable   N/A       N/A         3
 Tukima's Dance           Hex            Unusable   N/A       N/A         3
 Animate Dead             Necr           Unusable   N/A       N/A         4
 Sculpt Simulacrum        Ice/Alch       Unusable   N/A       N/A         6
 Death Channel            Necr           Unusable   N/A       N/A         6
 Spellforged Servitor     Conj/Summ      Unusable   N/A       N/A         7
 Summon Hydra             Summ           Unusable   N/A       N/A         7

Dungeon Overview and Level Annotations

Branches:
Dungeon (15/15)            Temple (1/1) D:7            Lair (5/5) D:8
 Shoals (4/4) Lair:2       Spider (0/4) Lair:2        Slime (0/5) Lair:4
    Orc (2/2) D:10            Elf (1/3) Orc:2        Vaults (0/5) D:13
 Depths (0/4) D:15          Sewer (visited)          Bailey (visited)
  IceCv (visited)         Gauntlet (visited)

Altars:
Ashenzari
Cheibriados
Dithmenos
Elyvilon
Fedhas
Gozag
Hepliaklqana
Kikubaaqudgha
Makhleb
Nemelex Xobeh
Okawaru
Qazlal
Ru
Sif Muna
Trog
Uskayaw
Vehumet
Wu Jian
Xom
Yredelemnul
Zin
The Shining One

Shops:
D:3 :   D:9 :   D:11 [   Orc:1 **   Orc:2 (*[:   Shoals:1 (

Annotations:
Lair:5 1 runed translucent door, VoidStrider's ghost, journeyman TeAE
Shoals:1 Roxanne
Shoals:3 2 transporters, Kehicw's ghost, adept HOBr
Shoals:4 Polyphemus


Innate Abilities, Weirdness & Mutations

You regain HP and MP as you explore.


Message History

Unknown command.
Unknown command.
You hit the frost giant but do no damage.
The frost giant looks as sick as possible!
The frost giant is heavily wounded.
You hit the snapping turtle.
The snapping turtle looks as sick as possible!
The frost giant hits you but does no damage.
Unknown command.
Unknown command.
Unknown command.
You barely miss the frost giant.
The frost giant is heavily wounded.
You slash the snapping turtle!
The snapping turtle looks as sick as possible!
The snapping turtle completely misses you.
The frost giant barely misses you.
Unknown command.
Unknown command.
Unknown command.
You slash the frost giant!
The frost giant looks as sick as possible!
The frost giant is severely wounded.
You hit the snapping turtle but do no damage.
The snapping turtle bites you but does no damage.
Unknown command.
Unknown command.
Unknown command.
Your unstable footing causes you to fumble your attack.
The frost giant hits you with a +2 battleaxe of freezing!!
* * * LOW HITPOINT WARNING * * *
Unknown command.
Unknown command.
Unknown command.
Okay, then.
Unknown command.
Unknown command.
Your unstable footing causes you to fumble your attack.
The frost giant hits you with a +2 battleaxe of freezing!!
You die...

#≈≈≈≈≈~†## , .≈
#......... #≈≈≈≈≈~~~#
#†........ #≈≈≈≈≈~~##
##.........
#≈≈≈≈≈~~###
##..........
#≈≈≈≈≈~~~~#
#~...#######
#≈≈≈≈≈~~~~#######..~##
#≈≈≈≈≈≈≈≈≈~~~~~~..~##
#≈≈≈≈≈≈≈≈≈≈~~~~~..##
#≈≈≈≈≈≈≈≈≈≈≈~t@C..#
#≈≈≈≈≈≈≈≈≈≈≈~~~$..#
#≈≈≈≈≈≈≈≈≈≈≈≈~~...#
#≈≈≈≈≈≈≈≈≈≈≈≈~~....#
≈≈≈≈≈≈≈≈≈≈≈≈≈~~..~#
≈≈≈≈≈≈≈≈≈≈≈≈~~~P#
≈≈≈≈≈≈≈≈≈≈≈~?
≈≈≈≈≈≈≈≈≈≈#!P~


You could see a frost giant (extremely poisoned) and a snapping turtle
(extremely poisoned).

Vanquished Creatures
  Jorgrun (Orc:2)
  Gastronok (D:8)
  Frances (Shoals:1)
  A kraken (Shoals:3)
  Ilsuiw (Shoals:3)
  An azure jelly (IceCv)
  An orc warlord (Orc:1)
  2 quicksilver oozes (IceCv)
  A stone giant (D:15)
  A minotaur (Gauntlet)
  Snorg (Orc:2)
  A green death (Gauntlet)
  9 merfolk impalers
  A merfolk javelineer (Shoals:3)
  6 hydras
  3 catoblepae
  An ogre mage (D:15)
  2 vault guards
  A satyr (Shoals:4)
  4 centaur warriors
  3 alligator snapping turtles
  A hell hog (Lair:5)
  2 tengu warriors (D:15)
  3 merfolk aquamancers
  2 merfolk avatars
  19 death yaks
  5 boulder beetles
  7 two-headed ogres
  A vampire mage (Lair:3)
  An orc high priest (Orc:2)
  9 skysharks
  16 sea snakes
  2 lindwurms
  7 orc knights
  A harpy (shapeshifter) (D:13)
  15 harpies
  3 deep elf pyromancers
  2 deep elf zephyrmancers
  6 orc sorcerers
  4 ugly things
  14 manticores
  3 fauns
  A moth of wrath (Lair:1)
  3 cyclopes
  Maurice (D:9)
  5 elephants (Lair:1)
  9 merfolk sirens
  Joseph (D:8)
  3 torpor snails
  4 black mambas
  2 kobold blastminers (Orc:1)
  10 cane toads
  4 gargoyles
  An ice statue (IceCv)
  5 water nymphs
  A kobold demonologist (Bailey)
  2 komodo dragons
  A freezing wraith (D:14)
  2 tengu conjurers
  8 trolls
  A troll (shapeshifter) (D:14)
  9 polar bears
  4 blink frogs (Lair:2)
  31 merfolk
  Grinder (D:3)
  5 wind drakes
  4 raiju (Lair:5)
  9 dream sheep
  7 snapping turtles
  29 slime creatures
  A centaur simulacrum (D:15)
  A vampire (D:13)
  9 humans
  5 wraiths
  3 wyverns
  12 water elementals
  A shadow (D:12)
  A hog (Orc:1)
  4 wargs (Lair:5)
  75 yaks
  10 vampire mosquitoes
  8 basilisks
  An unseen horror simulacrum (D:9)
  4 steam dragons
  A redback (D:13)
  Menkaure (D:7)
  2 great orb of eyes simulacra (IceCv)
  13 hell hounds (Lair:5)
  19 water moccasins
  29 orc warriors
  12 black bears
  Pargi (Sewer)
  3 ice beasts
  A sky beast (D:6)
  9 ogres
  32 wolves
  A crocodile (Bailey)
  11 centaurs
  A phantom (D:5)
  3 slime creature simulacra (IceCv)
  2 kobold brigands
  A brain worm (Sewer)
  12 bullfrogs
  2 necrophages (D:4)
  2 glowing shapeshifter simulacra (IceCv)
  A cane toad simulacrum (Lair:1)
  5 scorpions
  6 wights
  8 killer bees
  14 electric eels
  3 howler monkeys
  2 bombardier beetles
  3 hounds
  A human zombie (D:4)
  4 jellies (D:6)
  17 orc priests
  4 sleepcaps
  3 iguanas
  32 orc wizards
  4 scorpion zombies (D:4)
  5 shapeshifter simulacra (IceCv)
  2 mummies (D:4)
  A howler monkey zombie (D:4)
  10 adders
  8 gnolls
  4 white imps
  2 ufetubi (D:5)
  An adder zombie (D:4)
  3 ribbon worms
  A dart slug (D:1)
  82 orcs
  9 endoplasms
  7 giant cockroaches
  21 goblins
  12 hobgoblins
  7 jackals
  10 quokkas
  4 ball pythons
  6 bats
  7 frilled lizards
  17 kobolds
  10 rats
  3 tentacles (Shoals:3)
961 creatures vanquished.

Vanquished Creatures (others)
  A vault guard (D:13)
  A tengu warrior (D:14)
  A polar bear (Lair:5)
  A dream sheep (Shoals:2)
  13 tentacles (Shoals:3)
17 creatures vanquished.

Grand Total: 978 creatures vanquished

Notes
Turn   | Place    | Note
-------+----------+-------------------------------------------
     0 | D:1      | cdecastro the Human Ice Elementalist began the quest for
                  | the Orb.
     0 | D:1      | Reached XP level 1. HP: 13/13 MP: 3/3
   261 | D:1      | Reached XP level 2. HP: 18/19 MP: 3/5
   327 | D:1      | Found a faded altar of an unknown god.
   355 | D:1      | Prayed at the altar of an unknown god.
   355 | D:1      | Became a worshipper of Warmaster Okawaru
   355 | D:1      | Reached * piety under Okawaru
   537 | D:1      | Reached XP level 3. HP: 24/24 MP: 6/6
   573 | D:1      | Reached skill level 5 in Ice Magic
  1009 | D:1      | Learned a level 3 spell: Frozen Ramparts
  1142 | D:2      | Reached XP level 4. HP: 30/30 MP: 4/7
  1760 | D:3      | Noticed Grinder
  1979 | D:3      | HP: 1/30 [burnt (4)]
  1980 | D:3      | Reached XP level 5. HP: 2/35 MP: 1/8
  2147 | D:3      | Learned a level 3 spell: Ozocubu's Armour
  2373 | D:3      | Found an opulent altar of Gozag.
  2400 | D:3      | Found Kung's Book Boutique.
  2417 | D:3      | Noticed a centaur
  2689 | D:4      | Noticed an ogre
  2817 | D:4      | Noticed a steam dragon
  2883 | D:4      | Killed a steam dragon
  2884 | D:4      | Reached XP level 6. HP: 31/41 MP: 2/9
  3139 | D:4      | Found a sacrificial altar of Ru.
  3204 | D:4      | Reached ** piety under Okawaru
  3241 | D:4      | Reached XP level 7. HP: 42/46 MP: 7/10
  4247 | D:4      | Reached XP level 8. HP: 52/52 MP: 11/11
  4300 | D:4      | Reached *** piety under Okawaru
  4301 | D:4      | Reached skill level 10 in Ice Magic
  4348 | D:4      | Found a basalt altar of Yredelemnul.
  4440 | D:5      | Entered Level 5 of the Dungeon
  4777 | D:5      | Found a burning altar of Makhleb.
  5779 | D:6      | Reached **** piety under Okawaru
  5923 | D:6      | Reached XP level 9. HP: 43/65 MP: 5/12
  6041 | D:6      | Reached skill level 5 in Fighting
  6068 | D:6      | Found an iron altar of Okawaru.
  6142 | D:6      | Found a glowing drain.
  6167 | Sewer    | Entered a sewer
  6322 | Sewer    | Noticed Pargi
  6327 | Sewer    | Killed Pargi
  7049 | D:6      | Found a bloodstained altar of Trog.
  7594 | D:7      | Reached skill level 1 in Invocations
  8027 | D:7      | Found a staircase to the Ecumenical Temple.
  8031 | Temple   | Entered the Ecumenical Temple
  8453 | D:7      | Reached XP level 10. HP: 76/81 MP: 6/13
  8512 | D:7      | Found a hazy altar of Hepliaklqana.
  8621 | D:7      | Identified the +5 scale mail of the Antique God {*Corrode
                  | Int+6}
  8676 | D:7      | Noticed Menkaure
  9458 | D:8      | Noticed Gastronok
  9475 | D:8      | Noticed Joseph
  9484 | D:8      | Found a flagged portal.
  9497 | Bailey   | Entered a bailey
  9855 | Bailey   | Noticed an orc knight
  9855 | Bailey   | Noticed an orc knight
  9876 | Bailey   | Killed an orc knight
  9891 | Bailey   | Killed an orc knight
 10171 | Bailey   | Reached skill level 5 in Invocations
 10289 | Bailey   | Reached skill level 10 in Fighting
 10396 | Bailey   | Noticed an orc knight
 10410 | Bailey   | Killed an orc knight
 10773 | Bailey   | Identified the +5 battleaxe of the Wizarding Gods {venom,
                  | rC++}
 10790 | Bailey   | Found an iron altar of Okawaru.
 10791 | Bailey   | Noticed a kobold demonologist
 10791 | Bailey   | Noticed an orc sorcerer
 10818 | Bailey   | Noticed a sun demon
 10819 | Bailey   | Killed a kobold demonologist
 10876 | Bailey   | Killed an orc sorcerer
 11376 | Bailey   | Reached XP level 11. HP: 51/92 MP: 3/15
 12409 | D:8      | Killed Joseph
 12410 | D:8      | Reached skill level 5 in Dodging
 12513 | D:8      | Reached skill level 1 in Axes
 12902 | D:9      | Noticed Maurice
 12904 | D:9      | Reached skill level 2 in Axes
 12919 | D:9      | Killed Maurice
 12919 | D:9      | Reached ***** piety under Okawaru
 13044 | D:9      | Noticed a death yak
 13174 | D:7      | Killed Menkaure
 13260 | D:3      | Killed Grinder
 13261 | D:3      | Reached skill level 3 in Axes
 13557 | D:7      | Killed a death yak
 13558 | D:7      | Reached skill level 4 in Axes
 13757 | D:9      | Found a shimmering altar of Xom.
 13909 | D:9      | Found a white marble altar of Elyvilon.
 13909 | D:9      | Found an ancient bone altar of Kikubaaqudgha.
 13909 | D:9      | Found a stormy altar of Qazlal.
 13949 | D:9      | Reached skill level 5 in Axes
 14262 | D:9      | Found Voeqiole's Tiny Tomes.
 14492 | D:10     | Entered Level 10 of the Dungeon
 14517 | D:10     | Found a radiant altar of Vehumet.
 14742 | D:10     | Found a staircase to the Orcish Mines.
 14802 | D:10     | Reached skill level 6 in Axes
 14940 | D:10     | Reached skill level 7 in Axes
 14965 | D:10     | Received a gift from Okawaru
 14978 | D:10     | Reached XP level 12. HP: 63/98 MP: 10/18
 15477 | D:10     | Reached skill level 8 in Axes
 15830 | D:10     | Found a shadowy altar of Dithmenos.
 16258 | D:11     | Found Plog's Armour Emporium.
 16380 | D:11     | Noticed a two-headed ogre
 16388 | D:11     | Killed a two-headed ogre
 16526 | D:11     | Noticed a two-headed ogre
 16540 | D:11     | Killed a two-headed ogre
 16541 | D:11     | Reached skill level 9 in Axes
 16541 | D:11     | Reached skill level 10 in Invocations
 16542 | D:11     | Reached ****** piety under Okawaru
 16600 | D:11     | Received a gift from Okawaru
 16911 | D:11     | Acquired a +2 executioner's axe of electrocution
 16911 | D:11     | Received a gift from Okawaru
 16915 | D:11     | Acquired the +2 pair of boots "Amobex" {Regen+}
 16915 | D:11     | Received a gift from Okawaru
 17180 | D:12     | Found the +7 Kryia's mail coat {PotionHeal*2 rC+}
 17352 | D:12     | Identified the +2 leather armour of Heresy {Rampage rF+
                  | Int+2 Dex-4}
 17415 | D:12     | Found a shadowy altar of Dithmenos.
 17419 | D:12     | Reached skill level 10 in Axes
 17903 | D:12     | You fall into a shaft and drop 1 floor!
 17905 | D:13     | Noticed a two-headed ogre
 17916 | D:13     | Killed a two-headed ogre
 17930 | D:13     | Noticed Nessos
 17935 | D:13     | Nessos changed into Nessos the redback
 17935 | D:13     | Noticed Nessos
 17943 | D:13     | Killed Nessos the redback
 18007 | D:13     | Noticed a seven-headed hydra
 18019 | D:13     | Killed a three-headed hydra
 18019 | D:13     | Received a gift from Okawaru
 18175 | D:13     | Found a gate leading to a gauntlet.
 18199 | Gauntlet | Entered a Gauntlet
 18199 | Gauntlet | Found a transporter.
 18199 | Gauntlet | Found a large runed translucent door.
 18199 | Gauntlet | Found a large runed translucent door.
 18199 | Gauntlet | Found a large runed translucent door.
 18199 | Gauntlet | Found a large runed translucent door.
 18199 | Gauntlet | Found a large runed translucent door.
 18199 | Gauntlet | Found a large runed translucent door.
 18199 | Gauntlet | Found a runed translucent door.
 18199 | Gauntlet | Found a runed translucent door.
 18199 | Gauntlet | Found a large runed translucent door.
 18199 | Gauntlet | Found a large runed translucent door.
 18199 | Gauntlet | Found a large runed translucent door.
 18199 | Gauntlet | Found a large runed translucent door.
 18199 | Gauntlet | Found a large runed translucent door.
 18199 | Gauntlet | Found a large runed translucent door.
 18200 | Gauntlet | Found a large runed translucent door.
 18200 | Gauntlet | Found a large runed translucent door.
 18200 | Gauntlet | Found a large runed translucent door.
 18200 | Gauntlet | Found a large runed translucent door.
 18208 | Gauntlet | Found a transporter.
 18208 | Gauntlet | Found a runed translucent gate.
 18208 | Gauntlet | Found a runed translucent gate.
 18208 | Gauntlet | Found a runed translucent gate.
 18209 | Gauntlet | Found a transporter.
 18209 | Gauntlet | Noticed a green death
 18210 | Gauntlet | Found a transporter.
 18213 | Gauntlet | Found a transporter.
 18214 | Gauntlet | Found a transporter.
 18220 | Gauntlet | Noticed a death yak
 18221 | Gauntlet | Noticed a death yak
 18222 | Gauntlet | Found a transporter.
 18222 | Gauntlet | Noticed a death yak
 18222 | Gauntlet | Noticed a death yak
 18223 | Gauntlet | Found a transporter.
 18242 | Gauntlet | Found a transporter.
 18246 | Gauntlet | Noticed a quicksilver ooze
 18250 | Gauntlet | Found a transporter.
 18250 | Gauntlet | Found a transporter.
 18255 | Gauntlet | Noticed a quicksilver ooze
 18258 | Gauntlet | Found a transporter.
 18492 | Gauntlet | Killed a green death
 18493 | Gauntlet | Reached skill level 11 in Axes
 18561 | Gauntlet | Killed a death yak
 18562 | Gauntlet | Reached XP level 13. HP: 104/104 MP: 15/21
 18587 | Gauntlet | Identified the ring of Govitzoh {Ice Str+2}
 18681 | Gauntlet | Noticed a minotaur
 18700 | Gauntlet | Killed a minotaur
 19095 | D:13     | Found a shimmering altar of Xom.
 19100 | D:13     | Reached skill level 12 in Axes
 19113 | D:13     | Killed a vault guard
 19349 | D:13     | Received a gift from Okawaru
 19493 | D:13     | a shapeshifter changed into an entropy weaver
 19493 | D:13     | Noticed an entropy weaver (shapeshifter)
 19499 | D:13     | an entropy weaver changed into a harpy
 19776 | D:13     | Noticed a vault guard
 19825 | D:13     | Noticed a vault guard
 19877 | D:13     | Noticed a vault guard
 19948 | D:12     | Killed a vault guard
 20016 | D:13     | Found a gate to the Vaults.
 20138 | D:13     | Killed a vault guard
 20139 | D:13     | Reached skill level 13 in Axes
 20655 | D:14     | Received a gift from Okawaru
 21566 | D:15     | Entered Level 15 of the Dungeon
 21577 | D:14     | Reached XP level 14. HP: 101/111 MP: 17/23
 21632 | D:15     | Reached skill level 14 in Axes
 21956 | D:15     | Received a gift from Okawaru
 22105 | D:15     | Reached skill level 1 in Armour
 22505 | D:15     | Found a staircase to the Depths.
 22505 | D:15     | Noticed a stone giant
 22517 | D:15     | Killed a stone giant
 22835 | D:8      | Found a staircase to the Lair.
 22974 | D:8      | Found a hide-covered altar of Uskayaw.
 23091 | D:8      | Killed Gastronok
 23198 | Orc:1    | Entered Level 1 of the Orcish Mines
 23333 | Orc:1    | Found Bogojast's Overcharged Wands.
 23475 | Orc:1    | Reached skill level 15 in Axes
 23500 | Orc:1    | Found Cuyskab's General Store.
 23509 | Orc:1    | Bought a scroll of enchant armour for 105 gold pieces
 23612 | Orc:1    | Noticed Sonja
 23614 | Orc:1    | Sonja changed into Sonja the hog
 23614 | Orc:1    | Noticed Sonja
 23619 | Orc:1    | Killed Sonja the hog
 23781 | Orc:2    | Entered Level 2 of the Orcish Mines
 23966 | Orc:2    | Reached skill level 5 in Armour
 24056 | Orc:2    | Found a staircase to the Elven Halls.
 24057 | Orc:2    | Noticed Snorg
 24066 | Orc:2    | Killed Snorg
 24192 | Orc:2    | Noticed Jorgrun
 24237 | Orc:2    | Noticed an orc warlord
 24363 | Lair:1   | Entered Level 1 of the Lair of Beasts
 24414 | Lair:1   | Received a gift from Okawaru
 24464 | Lair:1   | Found a frozen archway.
 24479 | IceCv    | Entered an ice cave
 24504 | IceCv    | Noticed a quicksilver ooze
 24514 | IceCv    | Killed a quicksilver ooze
 25018 | IceCv    | Received a gift from Okawaru
 25095 | IceCv    | Reached XP level 15. HP: 84/117 MP: 25/25
 25130 | IceCv    | Found a viscous altar of Jiyva.
 25130 | IceCv    | Noticed an azure jelly
 25145 | IceCv    | Killed an azure jelly
 25313 | IceCv    | Identified the +3 ring mail of Vanity {+Blink rC+++ Will-
                  | Int+4}
 25822 | Lair:1   | Noticed Harold
 25827 | Lair:1   | Harold changed into Harold the moth of wrath
 25827 | Lair:1   | Noticed Harold
 25833 | Lair:1   | Killed Harold the moth of wrath
 25844 | Lair:1   | Got Zizuxky's Folio of the Blasted Morgue
 25951 | Lair:1   | Received a gift from Okawaru
 26359 | Lair:2   | Found a hole to the Spider Nest.
 26553 | Lair:2   | Found a staircase to the Shoals.
 26579 | Lair:2   | Reached skill level 16 in Axes
 26854 | Lair:2   | Learned a level 5 spell: Freezing Cloud
 26942 | Lair:2   | Reached skill level 10 in Armour
 27013 | Lair:2   | Identified the +8 great sword of Niov Vem {antimagic,
                  | Dex+4}
 27498 | Lair:3   | Found a runed translucent door.
 27600 | Lair:3   | Received a gift from Okawaru
 29590 | Lair:4   | Found a staircase to the Slime Pits.
 29729 | Lair:5   | Entered Level 5 of the Lair of Beasts
 29783 | Lair:5   | Received a gift from Okawaru
 29923 | Lair:5   | Found a runed translucent door.
 29925 | Lair:5   | Noticed VoidStrider's ghost (journeyman TeAE)
 30263 | Lair:5   | Reached XP level 16. HP: 79/123 MP: 23/26
 30537 | Lair:5   | Received a gift from Okawaru
 31636 | Orc:2    | Killed Jorgrun
 32073 | Orc:2    | Found Zousut's General Store.
 32128 | Orc:2    | Bought 2 potions of ambrosia for 256 gold pieces
 32199 | Orc:2    | Found Caokk's Book Boutique.
 32351 | Orc:2    | Found Wawuegh's Antique Armour Boutique.
 32366 | Orc:2    | Found Gipiatseuf's Antique Weapon Boutique.
 32423 | Orc:2    | Bought a book of the Tundra for 510 gold pieces
 32427 | Orc:2    | Learned a level 3 spell: Hailstorm
 32443 | Orc:2    | Bought a glowing hat for 231 gold pieces
 32443 | Orc:2    | Bought a pair of runed gloves for 247 gold pieces
 32541 | Elf:1    | Entered Level 1 of the Elven Halls
 32705 | Elf:1    | Reached skill level 10 in Dodging
 32986 | Shoals:1 | Entered Level 1 of the Shoals
 33034 | Shoals:1 | Found Godidal's Antique Weapon Shop.
 33077 | Shoals:1 | Received a gift from Okawaru
 33146 | Shoals:1 | Bought a slimy war axe for 229 gold pieces
 33146 | Shoals:1 | Identified the +8 war axe of Vemnehof {freeze, Dex+2} (You
                  | bought it in a shop on level 1 of the Shoals)
 33182 | Shoals:1 | Noticed Frances
 33208 | Shoals:1 | Killed Frances
 33209 | Shoals:1 | Reached skill level 1 in Throwing
 33921 | Shoals:1 | Noticed Roxanne
 34486 | Shoals:2 | Reached skill level 5 in Throwing
 34683 | Shoals:2 | Received a gift from Okawaru
 34875 | Shoals:2 | Identified the +3 tower shield of the Storm King {Rampage
                  | rN+ Will+ Stlth+}
 34876 | Shoals:2 | Noticed Ilsuiw
 34991 | Shoals:3 | Reached XP level 17. HP: 86/129 MP: 25/27
 35102 | Shoals:3 | Killed Ilsuiw
 36779 | Shoals:2 | Received a gift from Okawaru
 37564 | Shoals:3 | Found a transporter.
 37568 | Shoals:3 | Noticed Kehicw's ghost (adept HOBr)
 37680 | Shoals:3 | Found a transporter.
 37995 | Shoals:3 | Noticed a kraken
 38089 | Shoals:3 | Killed a kraken
 38226 | Shoals:3 | Received a gift from Okawaru
 38322 | Shoals:4 | Entered Level 4 of the Shoals
 38374 | Shoals:3 | Reached skill level 10 in Throwing
 38754 | Shoals:4 | Noticed Polyphemus
 39207 | Shoals:4 | Identified the +0 short sword of the Soothsayer {vamp, rF-
                  | rC+ Dex+4 Stlth+}
 39272 | Shoals:4 | Received a gift from Okawaru
 39475 | Shoals:4 | Mangled by a frost giant

Illustrated notes

Levels and vault maps discovered:
D:1:      dpeg_arrival_ratfight, layout_rooms,
          shapermc_ecumenical_altar_mp_urbaneastern
D:2:      layout_rooms, minmay_tall_x
D:3:      layout_loops_ring, grunt_gozag_breadcrumbs, serial_shops,
          nicolae_diamond_shop, uniq_grinder
D:4:      minmay_general_purpose_star, layout_basic,
          nicolae_overflow_crystal_walls, lemuel_mausoleum_altar_yredelemnul,
          dk_noncrumbling_3, hellmonk_no_cap
D:5:      layout_rooms, mainiacjoe_overflow_brackets, minivault_14
D:6:      layout_loops_ring, kennysheep_mini_moat,
          mainiacjoe_overflow_cross_hatched, portal_sewer_entry_f
D:7:      layout_loops_ring, marbit_many_paths, minmay_temple_entry_steel_oval,
          uniq_menkaure
D:8:      layout_rooms, nicolae_uskayaw_en_pointe, david_lair_shrubbed,
          enter_bailey_3, minivault_1, water_boxes_lemuel, uniq_joseph,
          uniq_gastronok
D:9:      layout_basic, gammafunk_temple_overflow_forgotten, lemuel_tele_altar,
          serial_ice, serial_ice_b, serial_ice_k, serial_ice_n, serial_ice_a,
          nicolae_shop_i_like_small_books_too, uniq_maurice
D:10:     layout_basic, lemuel_coloured_pillars_altar, vehumet_crystals,
          david_orc_4, serial_glass, glass_columns_a, glass_columns_a,
          feat_on_display
D:11:     layout_roguey, serial_shops, shop
D:12:     layout_basic, grunt_dithmenos_shadows
D:13:     layout_cave_pods, ximxim_vaults_locker_room, gauntlet_entry_generic,
          regret_index_xom_buried_treasure, uniq_nessos
D:14:     layout_basic, nicolae_BIG_FREAKIN_CUBE
D:15:     grunt_enter_depths_snipers, layout_irregular_city,
          chequers_serial_rivers_micro_c, minmay_misc_feat_square
Temple:   hellmonk_temple_forest_ring
Lair:1:   layout_roguey, portal_ice_cave_entry_ice_simulacra,
          grunt_megastairs_3, uniq_harold
Lair:2:   layout_long_grid, elwin_shoals_entry_rocks,
          nicolae_spider_entry_non_spiders, serial_bayou_shore_b
Lair:3:   layout_gridlike, pdpol_lair_cabin_in_the_woods, grunt_megastairs_4
Lair:4:   layout_regular_city, dpeg_slime_entry_enclosed
Lair:5:   hangedman_lair_caniforms_friends, layout_misc_corridors,
          ebering_ghost_inner_flame
Shoals:1: layout_shoals, serial_shops, shop, nicolae_shoals_so_close,
          uniq_roxanne, uniq_frances
Shoals:2: layout_shoals, nicolae_shoals_mertower, uniq_ilsuiw
Shoals:3: layout_shoals, gammafunk_ghost_arena
Shoals:4: shoals_end_grunt_ice, layout_shoals, nicolae_shoals_secluded_bog,
          uniq_polyphemus
Orc:1:    layout_caves, serial_shops, nicolae_lakefront_shop, basic_altar,
          nicolae_shop_overcharged_wands, uniq_sonja
Orc:2:    grunt_orc_cross, layout_caves, uniq_jorgrun, uniq_snorg
Elf:1:    eino_elf_arrival_sip, layout_loops_cross, serial_shops, shop,
          hangedman_corner_corridor, not_door_vault_due, uniq_nikola,
          uniq_asterion

Skill      XL: |  1  2  3  4  5  6  7  8  9 10 11 12 13 14 15 16 17 |
---------------+----------------------------------------------------+-----
Ice Magic      | 5 6 7 8 9 11 12 13 14 | 14.9
Fighting       | 4 8 10 | 10.4
Invocations    | 3 6 9 11 12 13 | 13.4
Dodging        | 4 5 7 10 | 10.2
Axes           | 7 11 13 15 16 | 16.0
Armour         | 7 10 | 10.6
Throwing       | 6 11 | 11.1
Stealth        | |  2.0
Spellcasting   | |  2.0

Action                     |  1- 3 |  4- 6 |  7- 9 | 10-12 | 13-15 | 16-18 || total
---------------------------+-------+-------+-------+-------+-------+-------++-------
  Melee: Unarmed           |    12 |       |       |       |       |       ||    12
         Lajatang          |    45 |    58 |   308 |       |       |       ||   411
         Scimitar          |       |       |    19 |   175 |       |       ||   194
         Punch             |       |       |       |     5 |       |       ||     5
         Battleaxe         |       |       |       |   318 |  1004 |  1171 ||  2493
         Falchion          |       |       |       |     6 |    21 |     5 ||    32
   Fire: Hand cannon       |       |       |       |       |    38 |     2 ||    40
  Throw: Dart              |       |       |       |       |     1 |     2 ||     3
         Javelin           |       |       |       |       |       |     1 ||     1
   Cast: Freeze            |    38 |    25 |    11 |    13 |       |       ||    87
         Frozen Ramparts   |       |    11 |    41 |    54 |    61 |    38 ||   205
         Ozocubu's Armour  |       |     1 |    30 |    47 |    98 |    77 ||   253
         Hailstorm         |       |       |       |       |       |     9 ||     9
 Invoke: Heroism           |       |       |     2 |     6 |     4 |     7 ||    19
         Finesse           |       |       |       |     1 |       |     2 ||     3
         Receive Weapon    |       |       |       |     1 |       |       ||     1
         Receive Armour    |       |       |       |     1 |       |       ||     1
  Evoke: Wand              |       |       |       |    11 |     7 |     5 ||    23
    Use: Potion            |       |     1 |       |     5 |     1 |     8 ||    15
         Scroll            |       |       |       |     9 |    17 |     9 ||    35
   Stab: Sleeping          |     1 |     3 |     7 |       |       |       ||    11
         Petrified         |       |       |       |       |       |     8 ||     8
 Armour: Robe              |    49 |    55 |   233 |       |       |       ||   337
         Ring mail         |       |       |   139 |   521 |       |       ||   660
         Scale mail        |       |       |       |    59 |  1226 |  1363 ||  2648
         Leather armour    |       |       |       |     5 |       |       ||     5
  Dodge: Dodged            |    81 |    77 |   347 |   358 |   583 |   976 ||  2422
